 Dungeon Crawl Stone Soup version 0.17-a0-968-gf8e1f1d (webtiles) character file.

254946 nubinia the Peltast (level 19, -6/112 HPs)
             Began as a Gargoyle Fighter on May 9, 2015.
             Was the Champion of Trog.
             Killed from afar by a deep elf high priest (15 damage)
             ... with a burst of hellfire
             ... on level 1 of the Elven Halls.
             The game lasted 04:41:56 (44499 turns).

nubinia the Peltast (Gargoyle Fighter)             Turns: 44499, Time: 04:41:57

Health: -6/112     AC: 51    Str: 22    XL:     19   Next: 76%
Magic:  26/26      EV: 16    Int: 11    God:    Trog [******]
Gold:   1364       SH: 16    Dex: 13    Spells: 0 memorised, 18 levels left

rFire  . . .     SeeInvis .     a - +5 flail (protect)
rCold  + + +     Clarity  .     g - +6 plate armour {rC+}
rNeg   + + .     SustAb   .     c - +0 shield
rPois  ∞         Gourm    .     H - +0 helmet
rElec  +         Spirit   .     t - +1 cloak of Alakk {rPois rC+ Regen+ Str-2}
rCorr  .         Warding  .     R - +2 pair of gloves
rMut   .         Stasis   .     G - +2 pair of boots {rC+}
MR     +....                    y - amulet of regeneration
Stlth  ..........               N - +5 ring of evasion
                                L - ring of positive energy

@: exhausted, flying, slowed, very slow, somewhat resistant to hostile
enchantments, extremely unstealthy
A: big wings, talons 1, thin skeletal structure 1, breathe flames 1, frail 1,
negative energy resistance 1, regeneration 1, electricity resistance,
unbreathing, evolution 1, petrification resistance, rot immunity, AC +13
a: Stop Flying, Burn Spellbooks, Berserk, Trog's Hand, Brothers in Arms,
Renounce Religion, Breathe Fire
}: 2/15 runes: serpentine, barnacled


You were on level 1 of the Elven Halls.
You worshipped Trog.
Trog was exalted by your worship.
You were very hungry.

You visited 7 branches of the dungeon, and saw 32 of its levels.
You also visited: Sewer, Ossuary and Ice Cave.

You collected 3894 gold pieces.
You spent 2530 gold pieces at shops.

Inventory:

Hand weapons
 a - a +5 flail of protection (weapon)
 b - the +6 shillelagh "Devastator" {shatter}
   (Trog gifted it to you on level 1 of the Shoals)
 j - a +0 blowgun
 M - the +1 eveningstar "Brilliance" {holy, rN+ AC+5 Int+5}
   (You found it on level 3 of the Orcish Mines)

   It has been blessed by the Shining One to cause great damage to the undead
   and demons.
   It affects your AC (+5).
   It affects your intelligence (+5).
   It protects you from negative energy.
Missiles
 e - 3 curare-tipped needles
 v - 91 poisoned needles
Armour
 c - a +0 shield (worn)
 g - a +6 plate armour of cold resistance (worn)
 t - the +1 cloak of Alakk (worn) {rPois rC+ Regen+ Str-2}
   (You found it on level 1 of the Shoals)

   It affects your strength (-2).
   It protects you from cold.
   It protects you from poison.
   It increases your rate of regeneration.
 G - a +2 pair of boots of cold resistance (worn)
 H - a +0 helmet (worn)
 R - a +2 pair of gloves (worn)
Rods
 r - a +5 rod of clouds (15/15)
   (You bought it in a shop on level 3 of the Orcish Mines)
Jewellery
 n - an uncursed ring of protection from fire
 o - an uncursed ring of sustain abilities
 u - an uncursed ring of see invisible
 y - an amulet of regeneration (around neck)
 z - the amulet of the Spinneret {Spirit -Tele rElec rF+}
   (You took it off an orc on level 3 of the Orcish Mines)

   [amulet of guardian spirit]

   It causes incoming damage to be split between your health and magic.
   It protects you from fire.
   It insulates you from electricity.
   It prevents most forms of teleportation.
 L - a ring of positive energy (left hand)
 N - a +5 ring of evasion (right hand)
 P - the amulet of Okawaru's Hope {+Rage rF+}
   (You found it on level 7 of the Lair of Beasts)

   [amulet of rage]

   It protects you from fire.
   It lets you go berserk.
Magical devices
 m - a wand of fire (8)
 p - a wand of teleportation (6)
 s - a wand of heal wounds (0)
 J - a wand of flame (27)
 Q - a wand of digging (13)
 T - a wand of fireball (2)
 Z - a wand of cold (2)
Scrolls
 h - 7 scrolls of teleportation
 w - 5 scrolls of enchant armour
 x - 3 scrolls of fog
 A - 11 scrolls of identify
 B - 14 scrolls of remove curse
 F - a scroll of blinking
 U - a scroll of magic mapping
 V - 5 scrolls of fear
 W - 2 scrolls of silence
Potions
 d - 4 potions of brilliance
 f - 20 potions of curing
 q - 4 potions of cure mutation
 C - 2 potions of ambrosia
 D - a potion of heal wounds
 E - 3 potions of agility
 I - a potion of might
 K - 3 potions of cancellation
 S - a potion of haste
 X - 2 potions of resistance
Miscellaneous
 i - a stone of tremors
 O - 2 phantom mirrors
Comestibles
 k - 34 fruits
 l - a chunk of flesh


   Skills:
 + Level 15.6 Fighting
 + Level 17.2 Maces & Flails
 + Level 1.6 Throwing
 + Level 13.0 Armour
 + Level 10.1 Dodging
 + Level 3.1 Stealth
 + Level 19.4 Shields
 - Level 0.6 Unarmed Combat
 + Level 9.6 Evocations


You had 18 spell levels left.
You didn't know any spells.

Dungeon Overview and Level Annotations

Branches:
Dungeon (10/15)            Temple (1/1) D:6            Lair (8/8) D:10
 Shoals (4/4) Lair:6        Snake (4/4) Lair:5        Slime (0/6) Lair:8
    Orc (4/4) D:10            Elf (1/3) Orc:3

Altars:
Ashenzari
Cheibriados
Dithmenos
Elyvilon
Fedhas
Gozag
Kikubaaqudgha
Makhleb
Nemelex Xobeh
Okawaru
Qazlal
Ru
Sif Muna
Trog
Vehumet
Xom
Yredelemnul
Zin
The Shining One
Beogh
Jiyva

Shops:
D:10 =?:[   Orc:1 !   Orc:3 }   Orc:4 ![([   Shoals:3 (   Shoals:4 =%(
Snake:4 (

Annotations:
D:6 RobertPalmer's ghost, experienced DDFi


Innate Abilities, Weirdness & Mutations

You are resistant to torment.
Your stone body is resilient (AC +13).
You are immune to poison.
Your large and strong wings let you fly indefinitely.
You resist negative energy.
You are resistant to electric shocks.
You can survive without breathing.
You are immune to petrification.
You are immune to rotting.
You have sharp toenails.
You have a somewhat thin skeletal structure (Dex +2, Stealth).
You can breathe flames.
You are frail (-10% HP).
Your natural rate of healing is unusually fast.
You evolve.


Message History

You block the Executioner's attack. The orc warrior completely misses you.
The Executioner hits you but does no damage.
The Executioner misses you.
The Executioner hits you but does no damage.
Things that are here:
a runed shortbow {god gift}; an arrow You block the Executioner's attack. x3
The deep elf high priest calls down the wrath of its god upon you.
The hellfire explodes!
The burst of hellfire engulfs you!
* * * LOW HITPOINT WARNING * * *
The burst of hellfire engulfs the Executioner.
The deep elf demonologist casts a spell.
The deep elf high priest mumbles some strange prayers to its god against you.
Something smites you!
* * * LOW HITPOINT WARNING * * *
You block the Executioner's attack. The Executioner closely misses you.
The Executioner barely misses you.
The deep elf high priest mumbles some strange prayers to its god against you.
The hellfire explodes!
The burst of hellfire engulfs you!
You die...

## #.##......#.....####'#
####. .###.##.....###....#
##.# #. ........#'###
#'######..# #. ...#....#.#
#......[.#### ## ##
..###.....#
#..#####.#88#88# ..#
#.....# #..# ###''......
### ###...#
#..###4..'...o.e #
##..#####.1##ooe*#..#..#
###
###.....)...@)o4.o.'....$
..#
#......########eeeo'..o.$e
#.###......# ##e3.#..#o.#
#..#.......# ###.'.....e
##......#..# #.'.....P
##....##..# ###88#88
##......#..# # ##
#..#.......# #.###.....##


You could see an Executioner, a deep elf demonologist, an orange demon, 2 deep
elf high priests, a smoke demon, 2 orc warriors, a deep elf mage and 3 orcs.

Vanquished Creatures
  Vashnia (Snake:4)
  A kraken (Shoals:3)
  Kirke (Lair:6)
  Roxanne (Snake:1)
  7 greater nagas
  Ilsuiw (Shoals:4)
  Maud (Lair:4)
  3 orc warlords (Orc:4)
  A stone giant (Orc:3)
  4 dire elephants (Lair:8)
  5 merfolk javelineers
  4 merfolk impalers
  Josephine (Snake:1)
  10 hydras
  16 naga warriors
  2 merfolk aquamancers
  2 alligator snapping turtles (Shoals:4)
  11 anacondas
  6 orc high priests (Orc:4)
  4 satyrs
  16 death yaks
  15 naga sharpshooters
  13 shock serpents
  2 deep elf knights (Elf:1)
  An ice devil (IceCv)
  A small abomination (Elf:1)
  33 sea snakes
  3 naga ritualists
  3 salamander mystics
  2 deep elf summoners (Elf:1)
  5 orc knights
  Pikel (D:6)
  4 deep elf conjurers (Elf:1)
  10 mana vipers
  16 hill giants
  15 griffons
  7 fauns
  16 salamanders
  9 manticores
  12 harpies
  27 elephants
  8 orc sorcerers
  6 cyclopes
  2 water nymphs (Shoals:4)
  6 guardian serpents
  20 naga magi
  A rust devil (Orc:3)
  31 black mambas
  17 spiny frogs
  5 torpor snails (Lair:7)
  12 komodo dragons
  A deep elf priest (Elf:1)
  4 trolls
  34 merfolk
  2 wind drakes
  9 blue devils (IceCv)
  4 polar bears
  Prince Ribbit (D:7)
  3 two-headed ogres
  7 snapping turtles
  24 blink frogs
  4 wraiths
  2 basilisks
  11 water elementals
  44 yaks
  3 hogs (Lair:6)
  2 hungry ghosts
  2 deep elf magi (Elf:1)
  5 wolves
  32 nagas
  3 deep elf fighters (Elf:1)
  7 wargs
  10 hippogriffs
  20 water moccasins
  41 orc warriors
  8 porcupines
  3 ice beasts
  A spider (D:8)
  3 sky beasts
  2 black bears
  A necrophage (D:7)
  2 wasps (D:8)
  4 centaurs
  16 ogres
  20 crocodiles
  21 giant frogs
  A wyvern skeleton (D:10)
  4 scorpions
  8 killer bees
  5 electric eels
  5 crimson imps
  2 giant frog zombies (D:6)
  2 jellies
  35 orc wizards
  A gnoll shaman (D:6)
  2 centaur skeletons
  5 hounds
  A centaur zombie (D:6)
  39 orc priests
  17 iguanas
  Jessica (D:2)
  3 giant frog skeletons
  12 sirens
  6 worker ants
  5 merfolk avatars
  26 sheep
  2 hound zombies
  8 mummies (Ossuary)
  A worker ant zombie (D:5)
  14 adders
  13 gnolls
  38 river rats
  2 shadow imps
  23 white imps
  5 ufetubi (IceCv)
  3 oozes
  3 worms
  8 giant geckos
  337 orcs
  6 ball pythons
  13 bats
  A bat skeleton (D:5)
  7 giant cockroaches
  32 goblins
  17 hobgoblins
  5 jackals
  12 kobolds
  6 giant newts
  2 gnoll zombies (Ossuary)
  3 hobgoblin zombies (Ossuary)
  A jackal skeleton (D:5)
  3 orc zombies (Ossuary)
  9 quokkas
  A quokka skeleton (D:8)
  40 rats
  5 plants
  4 tentacles (Shoals:3)
1561 creatures vanquished.

Vanquished Creatures (collateral kills)
  2 greater nagas (Snake:4)
  3 merfolk javelineers
  3 merfolk impalers (Shoals:4)
  A merfolk avatar (Shoals:3)
  A shock serpent (Snake:4)
  3 harpies (Shoals:3)
  2 griffons
  A sixfirhy (Orc:4)
  A water nymph (Shoals:3)
  3 manticores
  2 sirens
  A smoke demon (Orc:4)
  A hellwing (Orc:4)
  A troll (Orc:4)
  5 merfolk
  2 wind drakes
  A snapping turtle (Shoals:3)
  6 water elementals
  A hippogriff (Shoals:1)
  2 chaos spawn (Orc:4)
  5 nagas (Snake:4)
  An orc warrior (Orc:4)
  2 centaurs
  An orc (Orc:4)
51 creatures vanquished.

Vanquished Creatures (others)
  A deep troll (Snake:4)
  A deep elf knight (Elf:1)
  2 humans (Lair:6)
  An orc warrior (Orc:1)
  A slave (D:6)
  40 drowned souls
  A white imp (IceCv)
  2 orcs
  A goblin (Orc:4)
  A bat (D:6)
  2 bushes (Lair:8)
  22 fungi
  9 plants
  9 tentacles (Shoals:3)
  611 tentacle segments (Shoals:3)
704 creatures vanquished.

Grand Total: 2316 creatures vanquished

Notes
Turn   | Place    | Note
--------------------------------------------------------------
     0 | D:1      | nubinia, the Gargoyle Fighter, began the quest for the Orb.
     0 | D:1      | Reached XP level 1. HP: 14/14 MP: 1/1
   197 | D:1      | Reached XP level 2. HP: 19/19 MP: 2/2
   856 | D:2      | Reached skill level 4 in Shields
   856 | D:2      | Reached XP level 3. HP: 23/23 MP: 3/3
  1210 | D:2      | Noticed Jessica
  1221 | D:2      | Killed Jessica
  1221 | D:2      | Reached skill level 1 in Dodging
  1221 | D:2      | Reached XP level 4. HP: 29/29 MP: 4/4
  1586 | D:3      | Reached XP level 5. HP: 27/34 MP: 5/5
  2219 | D:3      | Found an opulent altar of Gozag.
  2219 | D:3      | Found a shimmering altar of Xom.
  2314 | D:4      | Noticed an ogre
  2318 | D:4      | Killed an ogre
  2337 | D:4      | Found a glowing drain.
  2339 | D:4      | Reached XP level 6. HP: 32/39 MP: 6/6
  2386 | Sewer    | Entered a sewer
  2688 | Sewer    | Noticed a drowned soul
  2689 | Sewer    | Noticed a drowned soul
  2692 | Sewer    | Noticed a drowned soul
  2692 | Sewer    | Killed a drowned soul
  2693 | Sewer    | Noticed a drowned soul
  2693 | Sewer    | Killed a drowned soul
  2694 | Sewer    | Noticed a drowned soul
  2694 | Sewer    | Killed a drowned soul
  2695 | Sewer    | Noticed a drowned soul
  2695 | Sewer    | Killed a drowned soul
  2696 | Sewer    | Noticed a drowned soul
  2697 | Sewer    | Noticed a drowned soul
  2697 | Sewer    | Noticed a drowned soul
  2698 | Sewer    | Killed a drowned soul
  2699 | Sewer    | Noticed a drowned soul
  2700 | Sewer    | Noticed a drowned soul
  2700 | Sewer    | Killed a drowned soul
  2701 | Sewer    | Killed a drowned soul
  2701 | Sewer    | Killed a drowned soul
  2702 | Sewer    | Noticed a drowned soul
  2702 | Sewer    | Killed a drowned soul
  2702 | Sewer    | Killed a drowned soul
  2703 | Sewer    | Noticed a drowned soul
  2703 | Sewer    | Noticed a drowned soul
  2704 | Sewer    | Killed a drowned soul
  2706 | Sewer    | Noticed a drowned soul
  2706 | Sewer    | Killed a drowned soul
  2707 | Sewer    | Killed a drowned soul
  2708 | Sewer    | Noticed a drowned soul
  2708 | Sewer    | Noticed a drowned soul
  2709 | Sewer    | Noticed a drowned soul
  2709 | Sewer    | Killed a drowned soul
  2711 | Sewer    | Noticed a drowned soul
  2711 | Sewer    | Noticed a drowned soul
  2712 | Sewer    | Noticed a drowned soul
  2712 | Sewer    | Killed a drowned soul
  2713 | Sewer    | Reached skill level 5 in Shields
  2881 | Sewer    | Reached skill level 5 in Fighting
  3582 | D:4      | Reached XP level 7. HP: 19/44 MP: 7/7
  3800 | D:5      | Entered Level 5 of the Dungeon
  3848 | D:5      | Found a blossoming altar of Fedhas.
  4880 | D:5      | Reached skill level 5 in Armour
  4880 | D:5      | Reached skill level 6 in Shields
  5137 | D:5      | Reached XP level 8. HP: 46/50 MP: 8/8
  5545 | D:6      | Noticed RobertPalmer's ghost (experienced DDFi)
  6282 | D:6      | Reached skill level 1 in Stealth
  6310 | D:6      | Found a staircase to the Ecumenical Temple.
  6316 | Temple   | Entered the Ecumenical Temple
  6421 | Temple   | Became a worshipper of Trog the Wrathful
  6483 | D:7      | Reached skill level 5 in Maces & Flails
  6495 | D:7      | Found a sand-covered staircase.
  6567 | Ossuary  | Entered an ossuary
  6776 | Ossuary  | Reached skill level 7 in Shields
  6990 | D:7      | Found a deep blue altar of Sif Muna.
  7020 | D:7      | Noticed Prince Ribbit
  7046 | D:7      | Killed Prince Ribbit
  7174 | D:7      | Reached XP level 9. HP: 55/55 MP: 9/9
  7633 | D:7      | Found an ancient bone altar of Kikubaaqudgha.
  8504 | D:6      | Acquired Trog's first power
  8571 | D:6      | Reached skill level 8 in Shields
  8720 | D:6      | Noticed Pikel
  8747 | D:6      | Killed Pikel
  9055 | D:7      | Reached XP level 10. HP: 63/63 MP: 10/10
  9397 | D:7      | Reached skill level 9 in Shields
  9559 | D:7      | Found a shadowy altar of Dithmenos.
 10420 | D:8      | Found an iron altar of Okawaru.
 10629 | D:8      | Acquired Trog's second power
 11036 | D:8      | Found an iron altar of Okawaru.
 11373 | D:9      | Reached skill level 10 in Shields
 12031 | D:9      | Found a burning altar of Makhleb.
 12189 | D:10     | Entered Level 10 of the Dungeon
 12489 | D:10     | Found a staircase to the Orcish Mines.
 12501 | D:10     | Found Kitonwie's Armour Shop.
 12646 | D:10     | Found a staircase to the Lair.
 12801 | D:10     | Reached XP level 11. HP: 47/69 MP: 11/11
 12866 | D:10     | Found Ocayc's Book Boutique.
 13038 | D:10     | Noticed a hill giant
 13047 | D:10     | Killed a hill giant
 13156 | D:10     | Reached skill level 11 in Shields
 13220 | D:10     | Found Zafafele's Magic Scroll Boutique.
 13234 | D:10     | Bought a scroll of enchant weapon for 105 gold pieces
 13234 | D:10     | Bought a scroll of fear for 49 gold pieces
 13234 | D:10     | Bought a scroll of silence for 105 gold pieces
 13253 | D:10     | Found Seihyes's Jewellery Shop.
 13283 | D:10     | Noticed a hill giant
 13289 | D:10     | Killed a hill giant
 13423 | Lair:1   | Entered Level 1 of the Lair of Beasts
 14123 | Lair:1   | Acquired Trog's third power
 14416 | Lair:1   | Reached skill level 12 in Shields
 15423 | Lair:2   | Reached XP level 12. HP: 70/76 MP: 12/12
 16532 | Lair:3   | Reached skill level 13 in Shields
 16538 | Lair:3   | Received a gift from Trog
 16603 | Lair:3   | Reached skill level 10 in Fighting
 16614 | Lair:3   | Reached skill level 5 in Dodging
 16815 | Lair:3   | Found a frozen archway.
 16891 | IceCv    | Entered an ice cave
 17056 | IceCv    | Reached skill level 10 in Maces & Flails
 18041 | Lair:2   | Reached skill level 10 in Armour
 18098 | Lair:3   | Reached XP level 13. HP: 80/83 MP: 13/13
 18534 | Lair:4   | Received a gift from Trog
 18683 | Lair:4   | Noticed Maud
 18704 | Lair:4   | Killed Maud
 18844 | Lair:4   | Got an ichor-stained scimitar
 18845 | Lair:4   | Identified the +9 scimitar of Gravity {pain, MP+9 Stlth+} (You found it on level 4 of the Lair of Beasts)
 20129 | Lair:5   | Found a staircase to the Snake Pit.
 20482 | Lair:5   | Reached skill level 14 in Shields
 20805 | Lair:5   | Reached skill level 1 in Throwing
 21463 | Lair:6   | Noticed Kirke
 21479 | Lair:6   | Killed Kirke
 21479 | Lair:6   | Gained mutation: Your large and strong wings let you fly indefinitely. [Gargoyle growth]
 21479 | Lair:6   | Reached XP level 14. HP: 90/90 MP: 14/14
 22105 | Lair:6   | Found a staircase to the Shoals.
 22400 | Lair:7   | Received a gift from Trog
 22763 | Lair:7   | Got a crude lead amulet
 22765 | Lair:7   | Identified the amulet of Okawaru's Hope {+Rage rF+} (You found it on level 7 of the Lair of Beasts)
 22905 | Lair:7   | Reached skill level 15 in Shields
 23108 | Lair:7   | Found a snail-covered altar of Cheibriados.
 23622 | Lair:7   | Received a gift from Trog
 23630 | Lair:8   | Entered Level 8 of the Lair of Beasts
 23867 | Lair:8   | Found a staircase to the Slime Pits.
 23868 | Lair:8   | Found a viscous altar of Jiyva.
 24215 | Lair:8   | Reached XP level 15. HP: 80/96 MP: 15/15
 24702 | Lair:8   | Got a jewelled dagger
 24703 | Lair:8   | Identified the cursed +0 dagger of Sunlight {drain, rC+} (You found it on level 8 of the Lair of Beasts)
 24935 | Lair:8   | Received a gift from Trog
 25769 | Orc:1    | Entered Level 1 of the Orcish Mines
 25783 | D:10     | Received a gift from Trog
 26163 | Orc:2    | Found a bloodstained altar of Trog.
 26239 | Orc:2    | Received a gift from Trog
 26615 | Orc:2    | Found a roughly hewn altar of Beogh.
 26790 | Orc:1    | Found Zoudelut's Distillery.
 27279 | Orc:3    | Found Cesmoif's Gadget Emporium.
 27566 | Orc:3    | Found a staircase to the Elven Halls.
 27649 | Orc:3    | Received a gift from Trog
 27708 | Orc:3    | Reached skill level 16 in Shields
 27989 | Orc:3    | Got a fine glass ring
 27989 | Orc:3    | Got a clouded silver amulet
 27991 | Orc:3    | Identified the amulet of the Spinneret {Spirit -Tele rElec rF+} (You took it off an orc on level 3 of the Orcish Mines)
 27993 | Orc:3    | Identified the ring of the Okapi {Ice +Blink MP-9 Str+3 Int-2} (You took it off an orc sorcerer on level 3 of the Orcish Mines)
 28071 | Orc:3    | Got a faintly glowing trident
 28072 | Orc:3    | Identified the +5 trident "Rinogis" {flame, +Fly Str+6 Dex-5} (You found it on level 3 of the Orcish Mines)
 28352 | Orc:4    | Entered Level 4 of the Orcish Mines
 28443 | Orc:4    | Received a gift from Trog
 28561 | Orc:3    | Found a roughly hewn altar of Beogh.
 28690 | Orc:4    | Found a roughly hewn altar of Beogh.
 28722 | Orc:4    | Reached XP level 16. HP: 104/104 MP: 16/16
 28906 | Orc:4    | Found Gazonurch's Armour Boutique.
 28920 | Orc:4    | Found Dylal's Weapon Shop.
 29037 | Orc:4    | Received a gift from Trog
 29761 | Orc:4    | Received a gift from Trog
 30350 | Orc:4    | Found Lidavyur's Armour Boutique.
 30386 | Orc:4    | Found a roughly hewn altar of Beogh.
 30406 | Orc:4    | Found Oqovvej's Distillery.
 30508 | Orc:4    | Received a gift from Trog
 30538 | Orc:4    | Got a twisted morningstar {god gift}
 30539 | Orc:4    | Identified the +3 morningstar of the Inferno {flame, +Rage rC+ Dex-3} (Trog gifted it to you on level 4 of the Orcish Mines)
 31678 | Snake:1  | Entered Level 1 of the Snake Pit
 31989 | Snake:1  | Noticed Roxanne
 32244 | Snake:1  | Received a gift from Trog
 32420 | Snake:1  | Reached skill level 15 in Maces & Flails
 32489 | Snake:1  | Noticed Josephine
 32500 | Snake:1  | Killed Josephine
 32527 | Snake:1  | Reached skill level 17 in Shields
 33125 | Snake:1  | Killed Roxanne
 33585 | Snake:2  | Reached XP level 17. HP: 102/111 MP: 17/17
 34002 | Snake:2  | Received a gift from Trog
 34968 | Snake:4  | Entered Level 4 of the Snake Pit
 35128 | Snake:4  | Received a gift from Trog
 35226 | Snake:4  | Noticed Vashnia
 35332 | Snake:4  | Reached skill level 1 in Evocations
 35345 | Snake:4  | Reached skill level 18 in Shields
 35703 | Snake:4  | Killed Vashnia
 36394 | Snake:4  | Received a gift from Trog
 36505 | Snake:4  | Reached XP level 18. HP: 32/118 MP: 18/18
 36748 | Snake:4  | Reached skill level 15 in Fighting
 36753 | Snake:4  | Gained mutation: You are frail (-10% HP). [mutagenic meat]
 36754 | Snake:4  | Gained mutation: You have a somewhat thin skeletal structure (Dex +2, Stealth). [mutagenic meat]
 36758 | Snake:4  | Gained mutation: You have sharp toenails. [mutagenic meat]
 36759 | Snake:4  | Gained mutation: You evolve. [mutagenic meat]
 36860 | Snake:4  | Reached skill level 10 in Dodging
 37172 | Snake:4  | Got a serpentine rune of Zot
 37606 | Snake:4  | Found Utogauhi's Antique Weapon Boutique.
 37925 | Shoals:1 | Entered Level 1 of the Shoals
 37962 | Shoals:1 | Reached skill level 19 in Shields
 38040 | Lair:6   | Gained mutation: Your muscles are strong. (Str +2) [evolution]
 38522 | Shoals:1 | Received a gift from Trog
 38712 | Shoals:1 | Gained mutation: Your natural rate of healing is unusually fast. [potion of mutation]
 38712 | Shoals:1 | Gained mutation: You can breathe flames. [potion of mutation]
 38712 | Shoals:1 | Lost mutation: Your muscles are strong. (Str +2) [potion of mutation]
 39022 | Shoals:1 | Got a smoking cloak
 39033 | Shoals:1 | Identified the +1 cloak of Alakk {rPois rC+ Regen+ Str-2} (You found it on level 1 of the Shoals)
 40376 | Orc:3    | Bought a +4 rod of clouds (14/14) for 1876 gold pieces
 40676 | Lair:6   | Received a gift from Trog
 41311 | Shoals:3 | Reached XP level 19. HP: 103/111 MP: 17/21
 41647 | Shoals:3 | Reached skill level 5 in Evocations
 41918 | Shoals:3 | Found Zieleh's Antique Weapon Shop.
 42005 | Shoals:3 | Bought an ancient spear for 200 gold pieces
 42005 | Shoals:3 | Identified the cursed +1 spear of Brutal Revenge {freeze, -Tele rPois Dex+4} (You bought it in a shop on level 3 of the Shoals)
 42242 | Shoals:4 | Entered Level 4 of the Shoals
 42387 | Shoals:4 | Received a gift from Trog
 42532 | Shoals:4 | Got a transparent dagger
 42533 | Shoals:4 | Identified the +10 dagger "Jorihek" {freeze, rElec Str+4 Stlth-} (You found it on level 4 of the Shoals)
 42623 | Shoals:4 | Noticed Ilsuiw
 42771 | Shoals:4 | Killed Ilsuiw
 42870 | Shoals:4 | Found Juogunuu's Jewellery Boutique.
 42896 | Shoals:4 | Bought an uncursed ring of see invisible for 195 gold pieces
 43226 | Shoals:4 | Found Mury's Antique Weapon Shop.
 43230 | Shoals:4 | Found Mazxof's Food Shop.
 43329 | Shoals:4 | Got a barnacled rune of Zot
 44006 | Elf:1    | Entered Level 1 of the Elven Halls
 44447 | Elf:1    | Received a gift from Trog
 44499 | Elf:1    | Killed from afar by a deep elf high priest

Action                   |  1- 3 |  4- 6 |  7- 9 | 10-12 | 13-15 | 16-18 | 19-21 || total
-------------------------+-------+-------+-------+-------+-------+-------+-------++-------
Melee: Flail             |   108 |   374 |   626 |   423 |  2394 |  2804 |   732 ||  7461
       Whip              |       |       |    15 |  1791 |       |       |       ||  1806
       Unarmed           |       |       |       |       |       |   122 |       ||   122
       Shillelagh        |       |       |       |       |       |   202 |     7 ||   209
 Fire: Blowgun           |       |     1 |       |       |    31 |       |     7 ||    39
Throw: Stone             |       |       |       |     1 |       |       |       ||     1
       Tomahawk          |       |       |       |       |     5 |     9 |       ||    14
Invok: Berserk           |       |       |       |    20 |    19 |    19 |     6 ||    64
       Burn Spellbooks   |       |       |       |     3 |     2 |     3 |       ||     8
       Trog's Hand       |       |       |       |       |     1 |     2 |     2 ||     5
       Brothers in Arms  |       |       |       |       |       |     4 |     4 ||     8
 Abil: Fly               |       |       |       |       |     1 |       |     3 ||     4
       Breathe Fire      |       |       |       |       |       |     1 |     6 ||     7
       Stop Flying       |       |       |       |       |       |       |     3 ||     3
Evoke: Wand              |       |       |       |     2 |       |     8 |     8 ||    18
       Rod               |       |       |       |       |       |       |     8 ||     8
       Stone of tremors  |       |       |       |       |       |       |     1 ||     1
  Use: Scroll            |       |     6 |     9 |    10 |     7 |    10 |     3 ||    45
       Potion            |       |     6 |     9 |     4 |       |     5 |       ||    24
 Stab: Invisible         |       |       |       |     5 |       |       |       ||     5
       Sleeping          |       |       |       |       |     2 |     4 |       ||     6
       Distracted        |       |       |       |       |       |     1 |     1 ||     2
       Confused          |       |       |       |       |       |       |     1 ||     1
  Eat: Chunk             |     1 |     9 |    14 |    42 |    61 |    50 |    24 ||   201
       Beef jerky        |       |       |     2 |     4 |       |       |       ||     6
       Fruit             |       |       |     1 |     1 |       |    16 |       ||    18
       Pizza             |       |       |       |     1 |       |     2 |       ||     3
       Bread ration      |       |       |       |     1 |       |     1 |       ||     2
